| TOP OF THE 1ST |
|
Panama City Capitales batting - Pitching for San Jose Volcanoes : LHP Joe W Price
|
|
Pitching: LHP Joe W Price
|
|
|
Batting: LHB George Kaage
|
0-0: Called Strike 0-1: Fly out, F4 (Popup, 34D, EV 64.4 MPH)
|
|
Batting: SHB Stan Javier
|
0-0: Called Strike 0-1: SINGLE (Line Drive, 8RS, EV 107.5 MPH)
|
|
Batting: RHB David Hall
|
0-0: Called Strike 0-1: Foul Ball, location: 2F 0-2: Foul Ball, location: 2F 0-2: Grounds into double play, 6-4-3 (Groundball, 56, EV 107.5 MPH)
|
| Top of the 1st over - 0 runs, 1 hit, 0 errors, 0 left on base; Panama City 0 - San Jose 0 |
| BOTTOM OF THE 1ST |
|
San Jose Volcanoes batting - Pitching for Panama City Capitales : RHP Keith Creel
|
|
Pitching: RHP Keith Creel
|
|
|
Batting: RHB Jay Schellin
|
0-0: Called Strike 0-1: Called Strike 0-2: Ball 1-2: Fly out, F6 (Line Drive, 6M, EV 80.6 MPH)
|
|
Batting: RHB Anthony Laurenzi
|
0-0: Called Strike 0-1: Ball 1-1: Ball 2-1: Swinging Strike 2-2: Ball 3-2: Ground out 5-3 (Groundball, 56S, EV 68.1 MPH)
|
|
Batting: LHB Pete M O'Brien
|
0-0: Ball 1-0: Ball 2-0: Called Strike 2-1: Ball 3-1: Base on Balls
|
|
Batting: RHB Jeff Spisok
|
0-0: Called Strike 0-1: Foul Ball, location: 2F 0-2: Foul Ball, location: 2F 0-2: Fly out, F9 (Flyball, 9, EV 88.1 MPH)
|
| Bottom of the 1st over - 0 runs, 0 hits, 0 errors, 1 left on base; Panama City 0 - San Jose 0 |
| TOP OF THE 2ND |
|
Panama City Capitales batting - Pitching for San Jose Volcanoes : LHP Joe W Price
|
|
Batting: RHB Rod Allen
|
0-0: Called Strike 0-1: Ball 1-1: Ball 2-1: Fly out, F8 (Flyball, 8RXD, EV 101.3 MPH)
|
|
Batting: LHB Jordan Medrano
|
0-0: Called Strike 0-1: Ground out U3 (Groundball, 3S, EV 80.0 MPH)
|
|
Batting: RHB Pedro Guerrero
|
0-0: Called Strike 0-1: Ball 1-1: Foul Ball, location: 2F 1-2: Foul Ball, location: 2F 1-2: Foul Ball, location: 2F 1-2: Strikes out swinging
|
| Top of the 2nd over - 0 runs, 0 hits, 0 errors, 0 left on base; Panama City 0 - San Jose 0 |
| BOTTOM OF THE 2ND |
|
San Jose Volcanoes batting - Pitching for Panama City Capitales : RHP Keith Creel
|
|
Batting: RHB Tony Evans
|
0-0: Ball 1-0: Ball 2-0: Ball 3-0: Called Strike 3-1: Ground out 6-3 (Groundball, 6, EV 99.4 MPH)
|
|
Batting: RHB Brian David
|
0-0: Foul Ball, location: 2F 0-1: Ball 1-1: Foul Ball, location: 2F 1-2: Fly out, F7 (Flyball, 7, EV 95.6 MPH)
|
|
Batting: RHB David Hoyt
|
0-0: Ball 1-0: Called Strike 1-1: Ground out 6-3 (Groundball, 6S, EV 86.9 MPH)
|
| Bottom of the 2nd over - 0 runs, 0 hits, 0 errors, 0 left on base; Panama City 0 - San Jose 0 |
| TOP OF THE 3RD |
|
Panama City Capitales batting - Pitching for San Jose Volcanoes : LHP Joe W Price
|
|
Batting: RHB Armando Moreno
|
0-0: Ground out 6-3 (Groundball, 6, EV 101.3 MPH)
|
|
Batting: LHB Jessie Reid
|
0-0: Called Strike 0-1: Reached on error, E6 (Groundball, 6, EV 86.3 MPH)
|
|
Batting: SHB Mark Bailey
|
0-0: Ball 1-0: Called Strike 1-1: Foul Ball, location: 2F 1-2: Strikes out looking
|
|
Batting: LHB George Kaage
|
0-0: Ball 1-0: Called Strike 1-1: Swinging Strike 1-2: Fielders Choice at 2nd, 6-4 (Groundball, 6, EV 76.9 MPH)
|
| Top of the 3rd over - 0 runs, 0 hits, 1 error, 1 left on base; Panama City 0 - San Jose 0 |
| BOTTOM OF THE 3RD |
|
San Jose Volcanoes batting - Pitching for Panama City Capitales : RHP Keith Creel
|
|
Batting: RHB David Cusack
|
0-0: Called Strike 0-1: Ball 1-1: Ball 2-1: Swinging Strike 2-2: Ball 3-2: Base on Balls
|
|
Batting: RHB Henry Powell
|
0-0: Called Strike 0-1: Grounds into double play, 4-6-3 (Groundball, 4, EV 80.6 MPH)
|
|
Batting: RHB Jay Schellin
|
0-0: Ball 1-0: Foul Ball, location: 2F 1-1: Foul Ball, location: 2F 1-2: Ball 2-2: Ground out 5-3 (Groundball, 56, EV 99.4 MPH)
|
| Bottom of the 3rd over - 0 runs, 0 hits, 0 errors, 0 left on base; Panama City 0 - San Jose 0 |
| TOP OF THE 4TH |
|
Panama City Capitales batting - Pitching for San Jose Volcanoes : LHP Joe W Price
|
|
Batting: SHB Stan Javier
|
0-0: Ground out 5-3 (Groundball, 56S, EV 91.3 MPH)
|
|
Batting: RHB David Hall
|
0-0: Called Strike
|
|
|
|
|
|
0-1: Fly out, F8 (Flyball, 78D, EV 94.4 MPH)
|
|
Batting: RHB Rod Allen
|
0-0: Called Strike 0-1: Ball 1-1: Ball 2-1: Swinging Strike 2-2: SINGLE (Groundball, 6MD, EV 95.6 MPH)
|
|
Batting: LHB Jordan Medrano
|
0-0: Ball 1-0: Ball 2-0: Ball 3-0: Base on Balls Rod Allen to second
|
|
Batting: RHB Pedro Guerrero
|
0-0: Ball 1-0: Ball 2-0: Ball 3-0: Base on Balls Rod Allen to third Jordan Medrano to second
|
|
Batting: RHB Armando Moreno
|
0-0: Fly out, F9 (Flyball, 9LM, EV 90.0 MPH)
|
| Top of the 4th over - 0 runs, 1 hit, 0 errors, 3 left on base; Panama City 0 - San Jose 0 |
| BOTTOM OF THE 4TH |
|
San Jose Volcanoes batting - Pitching for Panama City Capitales : RHP Keith Creel
|
|
Batting: RHB Anthony Laurenzi
|
0-0: Ball 1-0: Foul Ball, location: 2F 1-1: Foul Ball, location: 2F 1-2: Foul Ball, location: 2F 1-2: Foul Ball, location: 2F 1-2: Foul Ball, location: 2F 1-2: Foul Ball, location: 2F 1-2: Ball 2-2: Ball 3-2: Fly out, F9 (Flyball, 9S, EV 93.8 MPH)
|
|
Batting: LHB Pete M O'Brien
|
0-0: Ball 1-0: Ball 2-0: Called Strike 2-1: Ball 3-1: Swinging Strike 3-2: Foul Ball, location: 2F 3-2: Foul Ball, location: 2F 3-2: Base on Balls
|
|
Batting: RHB Jeff Spisok
|
0-0: Swinging Strike 0-1: Ball 1-1: Called Strike 1-2: Ball 2-2: Ball 3-2: Strikes out swinging
|
|
Batting: RHB Tony Evans
|
0-0: Ball 1-0: Ball 2-0: Ball 3-0: Base on Balls Pete M O'Brien to second
|
|
Batting: RHB Brian David
|
0-0: Ball 1-0: Fly out, F9 (Flyball, 9LM, EV 110.6 MPH)
|
| Bottom of the 4th over - 0 runs, 0 hits, 0 errors, 2 left on base; Panama City 0 - San Jose 0 |
| TOP OF THE 5TH |
|
Panama City Capitales batting - Pitching for San Jose Volcanoes : LHP Joe W Price
|
|
Batting: LHB Jessie Reid
|
0-0: Ball 1-0: Ball 2-0: Ball 3-0: Called Strike 3-1: Fly out, F9 (Flyball, 89S, EV 90.6 MPH)
|
|
Batting: SHB Mark Bailey
|
0-0: Ball 1-0: Ball 2-0: Ball 3-0: Base on Balls
|
|
Batting: LHB George Kaage
|
0-0: Foul Ball, location: 2F 0-1: Called Strike 0-2: Ball 1-2: Ball 2-2: Fly out, F4 (Popup, 4, EV 55.0 MPH)
|
|
Batting: SHB Stan Javier
|
0-0: Called Strike 0-1: Ball 1-1: Foul Ball, location: 2F 1-2: Ball 2-2: Ground out 6-3 (Groundball, 6M, EV 108.8 MPH)
|
| Top of the 5th over - 0 runs, 0 hits, 0 errors, 1 left on base; Panama City 0 - San Jose 0 |
| BOTTOM OF THE 5TH |
|
San Jose Volcanoes batting - Pitching for Panama City Capitales : RHP Keith Creel
|
|
Batting: RHB David Hoyt
|
0-0: Ball 1-0: Swinging Strike 1-1: Swinging Strike 1-2: Ball 2-2: Strikes out swinging
|
|
Batting: RHB David Cusack
|
0-0: Fly out, F8 (Flyball, 8RXD, EV 101.3 MPH)
|
|
Batting: RHB Henry Powell
|
0-0: Foul Ball, location: 2F 0-1: Ball 1-1: Fly out, F5 (Popup, 5SF, EV 82.5 MPH)
|
| Bottom of the 5th over - 0 runs, 0 hits, 0 errors, 0 left on base; Panama City 0 - San Jose 0 |
| TOP OF THE 6TH |
|
Panama City Capitales batting - Pitching for San Jose Volcanoes : LHP Joe W Price
|
|
Batting: RHB David Hall
|
0-0: Ball 1-0: Ball 2-0: Ball 3-0: Called Strike 3-1: Base on Balls
|
|
Batting: RHB Rod Allen
|
0-0: Called Strike David Hall is caught stealing 2nd base 2-4 0-1: Ground out 5-3 (Groundball, 5L, EV 88.1 MPH)
|
|
Batting: LHB Jordan Medrano
|
0-0: Called Strike 0-1: Ball 1-1: Ball 2-1: Foul Ball, location: 2F 2-2: Ground out 6-3 (Groundball, 6, EV 78.8 MPH)
|
| Top of the 6th over - 0 runs, 0 hits, 0 errors, 0 left on base; Panama City 0 - San Jose 0 |
| BOTTOM OF THE 6TH |
|
San Jose Volcanoes batting - Pitching for Panama City Capitales : RHP Keith Creel
|
|
Batting: RHB Jay Schellin
|
0-0: Called Strike 0-1: Swinging Strike 0-2: Ball 1-2: Ball 2-2: Foul Ball, location: 2F 2-2: SINGLE (Groundball, 56, EV 106.3 MPH)
|
|
Batting: RHB Anthony Laurenzi
|
0-0: Called Strike Jay Schellin steals 2nd base 0-1: Ball 1-1: Called Strike Jay Schellin steals 3rd base 1-2: Ball 2-2: Strikes out swinging
|
|
Batting: LHB Pete M O'Brien
|
0-0: Swinging Strike 0-1: Ball 1-1: Fly out, F6 (Popup, 15, EV 85.0 MPH)
|
|
Batting: RHB Jeff Spisok
|
0-0: Called Strike 0-1: Ball 1-1: Fly out, F8 (Flyball, 8RD, EV 96.9 MPH)
|
| Bottom of the 6th over - 0 runs, 1 hit, 0 errors, 1 left on base; Panama City 0 - San Jose 0 |
| TOP OF THE 7TH |
|
Panama City Capitales batting - Pitching for San Jose Volcanoes : LHP Joe W Price
|
|
Batting: RHB Pedro Guerrero
|
0-0: Ball 1-0: Ball 2-0: Called Strike 2-1: Ground out 5-3 (Groundball, 56S, EV 86.9 MPH)
|
|
Batting: RHB Armando Moreno
|
0-0: Ball 1-0: Fly out, F8 (Flyball, 89XD, EV 102.5 MPH)
|
|
Batting: LHB Jessie Reid
|
0-0: Ball 1-0: DOUBLE (Line Drive, 78XD, EV 102.5 MPH)
|
|
Batting: SHB Mark Bailey
|
0-0: Called Strike 0-1: Swinging Strike 0-2: Strikes out swinging
|
| Top of the 7th over - 0 runs, 1 hit, 0 errors, 1 left on base; Panama City 0 - San Jose 0 |
| BOTTOM OF THE 7TH |
|
San Jose Volcanoes batting - Pitching for Panama City Capitales : RHP Keith Creel
|
|
Batting: RHB Tony Evans
|
0-0: Ball 1-0: Foul Ball, location: 2F 1-1: SINGLE (Groundball, 56S, EV 96.3 MPH)
|
|
Batting: RHB Brian David
|
0-0: Fielders Choice at 2nd, 1-4 (Groundball, 15, EV 63.8 MPH)
|
|
Batting: RHB David Hoyt
|
0-0: Foul Ball, location: 2F 0-1: Ball 1-1: Called Strike 1-2: Ball 2-2: Foul Ball, location: 2F 2-2: Ball 3-2: Strikes out looking
|
|
Batting: RHB David Cusack
|
0-0: Ball 1-0: 2-RUN HOME RUN (Line Drive, 7LD, EV 95.0 MPH), Distance : 377 ft
|
|
Batting: RHB Henry Powell
|
0-0: Called Strike 0-1: Reached on error, E4 (Groundball, 4, EV 101.9 MPH)
|
|
Batting: RHB Jay Schellin
|
0-0: Ball 1-0: Ball 2-0: Called Strike 2-1: Foul Ball, location: 2F 2-2: Ball 3-2: Base on Balls Henry Powell to second
|
|
Pitching: RHP Joe Cowley
|
|
|
Batting: RHB Anthony Laurenzi
|
0-0: Foul Ball, location: 2F 0-1: Ball 1-1: Fly out, F9 (Flyball, 89D, EV 86.3 MPH)
|
| Bottom of the 7th over - 2 runs, 2 hits, 1 error, 2 left on base; Panama City 0 - San Jose 2 |
| TOP OF THE 8TH |
|
Panama City Capitales batting - Pitching for San Jose Volcanoes : LHP Joe W Price
|
|
Batting: LHB George Kaage
|
0-0: Ball 1-0: Called Strike 1-1: Ball 2-1: Ball 3-1: Fly out, F7 (Flyball, 7S, EV 83.1 MPH)
|
|
Batting: SHB Stan Javier
|
0-0: Ball 1-0: Foul Ball, location: 2F 1-1: Ball 2-1: Ball 3-1: Foul Ball, location: 2F 3-2: Base on Balls
|
|
Pitching: RHP Scott Stranski
|
|
|
Batting: RHB David Hall
|
0-0: Ball 1-0: DOUBLE (Line Drive, 78M, EV 102.5 MPH) Stan Javier to third Runner from 3rd tries for Home, SAFE, throw by CF to home
|
|
Pinch Hitting: LHB Preston Cash
|
0-0: Foul Ball, location: 2F 0-1: Foul Ball, location: 2F 0-2: Ball 1-2: Ball 2-2: Ball 3-2: Base on Balls
|
|
Pitching: RHP Dan Petry
|
|
|
Batting: LHB Jordan Medrano
|
0-0: Fly out, F7 (Line Drive, 7, EV 96.9 MPH) Runner from 2nd tags up, SAFE at 3rd with throw by LF
|
|
Batting: RHB Pedro Guerrero
|
0-0: Ball 1-0: Ball 2-0: Called Strike 2-1: Foul Ball, location: 2F 2-2: Strikes out looking
|
| Top of the 8th over - 1 run, 1 hit, 0 errors, 2 left on base; Panama City 1 - San Jose 2 |
| BOTTOM OF THE 8TH |
|
San Jose Volcanoes batting - Pitching for Panama City Capitales : RHP Joe Cowley
|
|
Pitching: LHP Jose Paz
|
|
|
Now in LF: Preston Cash
|
|
|
Batting: LHB Pete M O'Brien
|
0-0: Ball 1-0: Called Strike 1-1: Called Strike 1-2: Foul Ball, location: 2F 1-2: Strikes out swinging
|
|
Batting: RHB Jeff Spisok
|
0-0: Ball 1-0: Foul Ball, location: 2F 1-1: Ball 2-1: Ball 3-1: Base on Balls
|
|
Batting: RHB Tony Evans
|
0-0: Grounds into double play, 4-6-3 (Groundball, 4, EV 83.8 MPH)
|
| Bottom of the 8th over - 0 runs, 0 hits, 0 errors, 0 left on base; Panama City 1 - San Jose 2 |
| TOP OF THE 9TH |
|
Panama City Capitales batting - Pitching for San Jose Volcanoes : RHP Dan Petry
|
|
Pinch Hitting: LHB Fernando Vazquez
|
0-0: Ball 1-0: Fly out, F7 (Flyball, 7S, EV 78.1 MPH)
|
|
Batting: LHB Jessie Reid
|
0-0: Ball 1-0: Called Strike 1-1: Swinging Strike 1-2: Strikes out swinging
|
|
Batting: SHB Mark Bailey
|
0-0: Swinging Strike 0-1: SINGLE (Line Drive, 8LM, EV 111.9 MPH)
|
|
Batting: LHB George Kaage
|
0-0: Called Strike 0-1: Ball 1-1: Ball 2-1: Called Strike 2-2: Ball 3-2: Ground out 4-3 (Groundball, 34S, EV 78.8 MPH)
|
| Top of the 9th over - 0 runs, 1 hit, 0 errors, 1 left on base; Panama City 1 - San Jose 2 |
 |
|
Tuesday, July 7th, 2020 - OOTP Baseball 21.4 Build 63
|
|